 Dungeon Crawl Stone Soup version 0.29-a0-371-g91724d5b39 (webtiles) character file.

Game seed: 15530924576011635450

116 spaghetti the Conjurer (level 5, -4/37 HPs)
             Began as a Gnoll Conjurer on May 2, 2022.
             Slain by Ijyb
             ... wielding a +0 club
              (6 damage)
             ... on level 3 of the Dungeon.
             The game lasted 00:03:04 (2026 turns).

spaghetti the Conjurer (Gnoll Conjurer)             Turns: 2026, Time: 00:03:05

Health: -4/37      AC:  0    Str:  6    XL:     5   Next: 1%
Magic:  5/12       EV: 15    Int: 20    God:
Gold:   173        SH:  0    Dex: 10    Spells: 3/14 levels left

rFire   . . .      SeeInvis .     - Unarmed
rCold   . . .      Faith    .   (shield currently unavailable)
rNeg    . . .      Spirit   .   (body armour currently unavailable)
rPois   .          Reflect  .   (helmet currently unavailable)
rElec   .          Harm     .   (cloak currently unavailable)
rCorr   .          Rampage  .   (gloves currently unavailable)
Will    .....                   (boots currently unavailable)
Stlth   ++........              (no amulet)
HPRegen 0.12/turn               (ring currently unavailable)
MPRegen 0.13/turn               (ring currently unavailable)

@: pig-form, very quick
A: fast, no casting, small, (fangs 1), strong nose, distributed training
a: no special abilities


You were on level 3 of the Dungeon.
You were a filthy swine.
You visited 1 branch of the dungeon, and saw 3 of its levels.

You collected 173 gold pieces.


Innate Abilities, Weirdness & Mutations

You are a filthy swine.
You move quickly.
Your equipment is almost entirely melded.
You are incapable of wielding weapons or throwing items.
You cannot cast spells.
((You have very sharp teeth.))
Your uncanny sense of smell can sniff out nearby items.
Your experience applies equally to all skills.


   Skills:
 + Level 1.3 Fighting
 + Level 1.3 Short Blades
 + Level 1.3 Long Blades
 + Level 1.3 Axes
 + Level 1.3 Maces & Flails
 + Level 1.3 Polearms
 + Level 1.3 Staves
 + Level 1.3 Slings
 + Level 1.3 Bows
 + Level 1.3 Crossbows
 + Level 1.3 Throwing
 + Level 1.3 Armour
 + Level 4.7 Dodging
 + Level 4.3 Stealth
 + Level 1.3 Shields
 + Level 1.3 Unarmed Combat
 + Level 5.1 Spellcasting
 + Level 7.1 Conjurations
 + Level 1.0 Hexes
 + Level 1.0 Summonings
 + Level 1.0 Necromancy
 + Level 1.0 Translocations
 + Level 1.0 Transmutations
 + Level 1.0 Fire Magic
 + Level 1.0 Ice Magic
 + Level 1.0 Air Magic
 + Level 1.0 Earth Magic
 + Level 1.0 Poison Magic
 + Level 1.4 Invocations
 + Level 1.3 Evocations


You had 3 spell levels left.
You knew the following spells:

 Your Spells              Type           Power      Damage    Failure   Level
a - Magic Dart            Conj           100%       1d8       1%          1
b - Searing Ray           Conj           66%        2d6       1%          2
c - Fulminant Prism       Conj/Hex       10%        3d9       21%         4
d - Iskenderun's Mystic   Conj/Tloc      21%        2d6       21%         4

Your spell library contained the following spells:

 Spells                   Type           Power      Damage    Failure   Level
 Dazzling Flash           Conj/Hex       42%        N/A       6%          3
 Ensorcelled Hibernation  Hex/Ice        18%        N/A       11%         2
 Passwall                 Tmut/Erth      7%         N/A       11%         2
 Swiftness                Air            9%         N/A       22%         3

Inventory:

Hand Weapons
 e - a +0 club {mace}
   (You took it off a kobold on level 1 of the Dungeon)
 f - a +0 dagger {short}
   (You took it off a kobold on level 1 of the Dungeon)
 h - a +0 dagger {short}
   (You found it on level 1 of the Dungeon)
 l - a +0 whip {mace}
   (You took it off a kobold on level 1 of the Dungeon)
 o - a +0 club {mace}
   (You took it off a hobgoblin on level 1 of the Dungeon)
 p - a +0 dagger {short}
   (You took it off a goblin on level 1 of the Dungeon)
 r - a +0 club {mace}
   (You took it off a goblin on level 1 of the Dungeon)
 t - a +0 club {mace}
   (You took it off a goblin on level 2 of the Dungeon)
 v - a +0 club {mace}
   (You found it on level 2 of the Dungeon)
 y - a +0 club {mace}
   (You took it off a goblin on level 2 of the Dungeon)
 z - a +0 short sword {short}
   (You found it on level 2 of the Dungeon)
 A - a +0 dagger {short}
   (You took it off a kobold on level 2 of the Dungeon)
 B - a +0 hunting sling {sling}
   (You found it on level 3 of the Dungeon)
Missiles
 c - 48 stones {throwing}
 x - 5 boomerangs {throwing}
Armour
 a - a +0 robe (melded)
 q - a +0 cloak (melded)
   (You found it on level 1 of the Dungeon)
Scrolls
 g - 2 scrolls of enchant armour {unknown}
 i - 2 scrolls of teleportation {@r4}
 j - 2 scrolls of fear {unknown}
 k - a scroll of amnesia {unknown}
 m - 2 scrolls of identify {unknown}
 n - a scroll of torment {unknown}
 u - a scroll of silence {unknown}
Potions
 b - a potion of magic
 d - a potion of degeneration {unknown}
 s - 2 potions of berserk rage {unknown}
 w - a potion of curing {@q1}

Dungeon Overview and Level Annotations

Branches:
Dungeon (3/15)

Altars:

Annotations:
D:3 Ijyb

∆ ### ∆
##########..
#.......##.#
#.......##.#
..###.......##.#
...........##.#
#.......##.###
#..........h.#
#.<.....##.#g#
.......#####.##.#.#
.#####. #.##....∆
#. #.####.#. .. ...
.#.# ∆∆ #. ... ## #
.> #.## ##


You could see Ijyb.


Message History

You hit Ijyb but do no damage. Ijyb closely misses you. 😕 MP[+1]
Your mp is fully restored (12).
You barely miss Ijyb. Ijyb completely misses you.
You hit Ijyb but do no damage. Ijyb closely misses you.
You barely miss Ijyb. Ijyb barely misses you.
You hit Ijyb but do no damage. Ijyb hits you with a +0 club! 😮 HP[-7]
You take 7 damage, and now have 22/37 hp.
You hit Ijyb but do no damage.
Your transformation is almost over.
Ijyb completely misses you.
You hit Ijyb but do no damage. Ijyb closely misses you.
You hit Ijyb but do no damage. Ijyb misses you. 😮 HP[+1]
You hit Ijyb but do no damage. Ijyb barely misses you.
You hit Ijyb but do no damage. You hit Ijyb but do no damage.
Ijyb barely misses you.
You hit Ijyb but do no damage. Ijyb completely misses you.
You hit Ijyb but do no damage. Ijyb completely misses you.
You hit Ijyb but do no damage. Ijyb misses you.
You hit Ijyb but do no damage. Ijyb closely misses you.
You barely miss Ijyb.
You feel less batty.
Your +0 cloak unmelds from your body.
Your +0 robe unmelds from your body.
Ijyb hits you with a +0 club. 😮 HP[-2]
You take 2 damage, and now have 21/37 hp.
You hit Ijyb.
Ijyb zaps a wand.
You resist with some effort. 😮 HP[+1] Unknown command.
Casting: Searing Ray (safe; 1% risk of failure)
Confirm with . or Enter, or press ? or * to list all spells.
Aiming: Searing Ray (safe; 1% risk of failure)
Press: ? - help, Shift-Dir - straight line, f/p - Ijyb
Aim: Ijyb, wielding a +0 club, wearing a +0 chain mail and carrying a wand of polymorph (1) (heavily wounded, 81% to hit)
The searing ray hits Ijyb but does no damage. (Press . to maintain the ray.) Ijyb hits you with a +0 club. 😮 HP[-3] MP[-2]
You take 3 damage, and now have 19/37 hp.
You lost 2 mp, and now have 10/12 mp.
The searing ray hits Ijyb.
Ijyb drinks a potion.
Ijyb is healed! 😮 MP[-1]
You lost 1 mp, and now have 9/12 mp.
Unknown command.
Unknown command.
The searing ray hits Ijyb.
Ijyb barely misses you. 😮 MP[-1]
You lost 1 mp, and now have 8/12 mp.
The searing ray hits Ijyb.
You finish channelling your searing ray.
Ijyb hits you with a +0 club.
* * * LOW HITPOINT WARNING * * *
😨 HP[-1] MP[-1]
You take 1 damage, and now have 18/37 hp.
You lost 1 mp, and now have 7/12 mp.
Unknown command.
Casting: Searing Ray (safe; 1% risk of failure)
Confirm with . or Enter, or press ? or * to list all spells.
Aiming: Searing Ray (safe; 1% risk of failure)
Press: ? - help, Shift-Dir - straight line, f/p - Ijyb
Aim: Ijyb, wielding a +0 club, wearing a +0 chain mail and carrying a wand of polymorph (1) (severely wounded, 81% to hit)
The searing ray misses Ijyb. (Press . to maintain the ray.) Ijyb hits you with a +0 club.
* * * LOW HITPOINT WARNING * * *
😨 HP[-4] MP[-2]
You take 4 damage, and now have 14/37 hp.
You lost 2 mp, and now have 5/12 mp.
The searing ray hits Ijyb but does no damage.
Ijyb screams, "Get away!"
Ijyb zaps a wand.
You turn into a filthy swine.
Your +0 cloak melds into your body.
Your +0 robe melds into your body.
The now-empty wand crumbles to dust. 😨 MP[-1]
You lost 1 mp, and now have 4/12 mp.
Unknown command.
You closely miss Ijyb. Ijyb hits you with a +0 club!
* * * LOW HITPOINT WARNING * * *
😱 HP[-7]
You take 7 damage, and now have 7/37 hp.
You closely miss Ijyb. Ijyb barely misses you. 😱 HP[+1] MP[+1]
You closely miss Ijyb. Ijyb screams, "Me stronger than you!"
Ijyb closely misses you.
You barely miss Ijyb. Ijyb closely misses you.
You closely miss Ijyb. You hit Ijyb. Ijyb misses you.
You barely miss Ijyb. Ijyb hits you with a +0 club.
* * * LOW HITPOINT WARNING * * *
😱 HP[-6]
You take 6 damage, and now have 2/37 hp.
You hit Ijyb but do no damage. Ijyb hits you with a +0 club.
You die...

Skill      XL: |  1  2  3  4 |
---------------+-------------+-----
Fighting       | 1 |  1.3
Short Blades   | 1 |  1.3
Long Blades    | 1 |  1.3
Axes           | 1 |  1.3
Maces & Flails | 1 |  1.3
Polearms       | 1 |  1.3
Staves         | 1 |  1.3
Slings         | 1 |  1.3
Bows           | 1 |  1.3
Crossbows      | 1 |  1.3
Throwing       | 1 |  1.3
Armour         | 1 |  1.3
Shields        | 1 |  1.3
Unarmed Combat | 1 |  1.3
Spellcasting   | 5 |  5.1
Invocations    | 1 |  1.4
Evocations     | 1 |  1.3
Hexes          | 1 |  1.0
Summonings     | 1 |  1.0
Necromancy     | 1 |  1.0
Translocations | 1 |  1.0
Transmutations | 1 |  1.0
Fire Magic     | 1 |  1.0
Ice Magic      | 1 |  1.0
Air Magic      | 1 |  1.0
Earth Magic    | 1 |  1.0
Poison Magic   | 1 |  1.0
Dodging        | |  4.7
Stealth        | |  4.3
Conjurations   | |  7.1

Action                   |  1- 3 |  4- 6 || total
-------------------------+-------+-------++-------
Melee: Unarmed           |     4 |    75 ||    79
       Bite              |       |     3 ||     3
       Punch             |       |     1 ||     1
 Cast: Magic Dart        |    46 |    50 ||    96
       Searing Ray       |       |     6 ||     6
  Use: Scroll            |       |     1 ||     1
Armor: Robe              |     2 |     8 ||    10
       Skin              |       |     4 ||     4
Dodge: Dodged            |     3 |    57 ||    60

Levels and vault maps discovered:
D:1:      dpeg_arrival_rhombi, layout_rooms, minmay_tetromino_l4
D:2:      minmay_diamond_boxcup, layout_rooms,
          hellmonk_ecumenical_altar_leap_of_faith, kennysheep_cluttered_room
D:3:      layout_loops_cross, due_unseen_surprise, uniq_ijyb

Notes
Turn   | Place    | Note
-------+----------+-------------------------------------------
     0 | D:1      | spaghetti the Gnoll Conjurer began the quest for the Orb.
     0 | D:1      | Reached XP level 1. HP: 13/13 MP: 6/6
     0 | D:1      | magus.rc [v1.9.6]
   207 | D:1      | Reached XP level 2. HP: 19/19 MP: 3/7
   661 | D:1      | Reached XP level 3. HP: 25/25 MP: 0/9
   921 | D:2      | Reached skill level 1 in Fighting
   921 | D:2      | Reached skill level 1 in Short Blades
   921 | D:2      | Reached skill level 1 in Long Blades
   921 | D:2      | Reached skill level 1 in Axes
   921 | D:2      | Reached skill level 1 in Maces & Flails
   921 | D:2      | Reached skill level 1 in Polearms
   921 | D:2      | Reached skill level 1 in Staves
   921 | D:2      | Reached skill level 1 in Slings
   921 | D:2      | Reached skill level 1 in Bows
   921 | D:2      | Reached skill level 1 in Crossbows
   921 | D:2      | Reached skill level 1 in Throwing
   921 | D:2      | Reached skill level 1 in Armour
   921 | D:2      | Reached skill level 1 in Shields
   921 | D:2      | Reached skill level 1 in Unarmed Combat
   921 | D:2      | Reached skill level 5 in Spellcasting
   921 | D:2      | Reached skill level 1 in Invocations
   921 | D:2      | Reached skill level 1 in Evocations
   933 | D:2      | Reached XP level 4. HP: 32/32 MP: 7/11
  1116 | D:2      | You pick up a book of Burglary and begin reading...
  1116 | D:2      | You add the spells Passwall, Ensorcelled Hibernation and
                  | Swiftness to your library.
  1146 | D:2      | Learned a level 2 spell: Searing Ray
  1151 | D:2      | Learned a level 4 spell: Fulminant Prism
  1156 | D:2      | Learned a level 4 spell: Iskenderun's Mystic Blast
  1239 | D:2      | Reached skill level 1 in Hexes
  1239 | D:2      | Reached skill level 1 in Summonings
  1239 | D:2      | Reached skill level 1 in Necromancy
  1239 | D:2      | Reached skill level 1 in Translocations
  1239 | D:2      | Reached skill level 1 in Transmutations
  1239 | D:2      | Reached skill level 1 in Fire Magic
  1239 | D:2      | Reached skill level 1 in Ice Magic
  1239 | D:2      | Reached skill level 1 in Air Magic
  1239 | D:2      | Reached skill level 1 in Earth Magic
  1239 | D:2      | Reached skill level 1 in Poison Magic
  1706 | D:2      | Reached XP level 5. HP: 35/37 MP: 3/12
  1833 | D:2      | Found a faded altar of an unknown god.
  1955 | D:3      | Noticed Ijyb
  2019 | D:3      | HP: 7/37 [Ijyb/+0 club (7)]
  2025 | D:3      | HP: 2/37 [Ijyb/+0 club (6)]
  2026 | D:3      | Slain by Ijyb

Vanquished Creatures
  A hound (D:2)
  3 adders (D:2)
  2 dart slugs
  8 endoplasms
  A giant cockroach (D:1)
  4 goblins
  4 hobgoblins
  4 jackals (D:2)
  4 kobolds
  2 quokkas
  6 ball pythons
  5 bats
  2 frilled lizards
  6 rats
52 creatures vanquished.

Table legend:
 A = Non-vault XP
 B = Vault XP
 C = Vault XP percentage of total XP
 D = Non-vault monster count
 E = Vault monster count
 F = Vault count percentage of total count
                 A         B        C        D         E       F
            +---------+---------+-------+---------+---------+-------
      Total |     133 |      34 |  20.4 |      39 |      13 |  25.0
            +---------+---------+-------+---------+---------+-------
        D:1 |      28 |       8 |  22.2 |      18 |       4 |  18.2
        D:2 |     103 |      26 |  20.2 |      20 |       9 |  31.0
        D:3 |       2 |       0 |   0.0 |       1 |       0 |   0.0
            +---------+---------+-------+---------+---------+-------

Illustrated notes

Table legend:
 A = Kills in this place as a percentage of kills in entire the game.
 B = Kills by you in this place as a percentage of kills by you in the entire game.
 C = Kills by friends in this place as a percentage of kills by friends in the entire game.
 D = Other kills in this place as a percentage of other kills in the entire game.
 E = Experience gained in this place as a percentage of experience gained in the entire game.
 F = Experience gained in this place divided by the number of levels of this place that you have seen.
                   A       B       C       D       E      F
               +-------+-------+-------+-------+-------+----------------------
         Total | 100.0 | 100.0 |   N/A |   N/A | 100.0 |  55.7
       Dungeon | 100.0 | 100.0 |   N/A |   N/A | 100.0 |  55.7
               +-------+-------+-------+-------+-------+----------------------

Table legend: (Time is in decaauts)
 A = Elapsed time spent in this place.
 B = Non-inter-level travel time spent in this place.
 C = Inter-level travel time spent in this place.
 D = Time resting spent in this place.
 E = Time spent auto-exploring this place.
 F = Levels seen in this place.
 G = Mean time per level.
                   A        B        C        D        E       F      G
               +--------+--------+--------+--------+--------+-----+--------+
         Total |   2019 |   1969 |     50 |    175 |   1505 |   3 |  673.0 |
       Dungeon |   2019 |   1969 |     50 |    175 |   1505 |   3 |  673.0 |
               +--------+--------+--------+--------+--------+-----+--------+

Top non-repeatable levels by time:
     D:2: 997 daAuts
     D:1: 916 daAuts
     D:3: 106 daAuts
